 Dungeon Crawl Stone Soup version 0.30-a0-718-geaa24f58ff (webtiles) character file.

Game seed: 6610059105863058873

254 sokol815 the Shooter (level 5, 0/44 HPs)
             Began as a Demigod Hunter on Jan 25, 2023.
             Slain by a scorpion (5 damage)
             ... on level 5 of the Dungeon.
             The game lasted 00:04:41 (3103 turns).

sokol815 the Shooter (Demigod Hunter)               Turns: 3103, Time: 00:04:41

Health: 0/44       AC:  7    Str: 12    XL:     5   Next: 59%
Magic:  7/7        EV: 13    Int: 11    God:
Gold:   214        SH:  0    Dex: 21    Spells: 4/4 levels left

rFire   + . .      SeeInvis .    a - +1 shortbow
rCold   + . .      Faith    .    (shield currently unavailable)
rNeg    + . .      Spirit   .    c - +0 leather armour
rPois   .          Reflect  .    f - +0 helmet
rElec   .          Harm     .    j - scarf {rC+ rF+}
rCorr   .          Rampage  .    (no gloves)
Will    .....                    d - +2 pair of boots
Stlth   ++                       (no amulet)
HPRegen 0.27/turn                l - ring of positive energy {rN+}
MPRegen 0.10/turn                (no ring)

@: lethally poisoned (0 -> -3)
A: high MP 1, forlorn, divine attributes
a: no special abilities


You were on level 5 of the Dungeon.
You visited 1 branch of the dungeon, and saw 5 of its levels.

You collected 214 gold pieces.

Inventory:

Hand Weapons
 a - a +1 shortbow (weapon)
 b - a +1 short sword of holy wrath
   (You took it off a kobold on level 2 of the Dungeon)
Missiles
 s - 46 stones
Armour
 c - a +0 leather armour (worn)
 d - a +2 pair of boots (worn)
   (You found it on level 1 of the Dungeon)
 f - a +0 helmet (worn)
   (You found it on level 1 of the Dungeon)
 j - a scarf of resistance (worn)
   (You found it on level 2 of the Dungeon)
Jewellery
 l - a ring of positive energy (left hand) {rN+}
   (You found it on level 2 of the Dungeon)
Wands
 r - a wand of light (9)
   (You found it on level 3 of the Dungeon)
Scrolls
 K - a scroll of immolation {!r}
 S - a scroll of summoning
Potions
 B - a potion of brilliance
 I - a potion of invisibility
 J - 4 potions of curing {@q1}
 M - 3 potions of might
 U - a potion of mutation {!q}


   Skills:
 + Level 2.8 Fighting
 * Level 4.9 Ranged Weapons
 + Level 2.8 Dodging
 + Level 2.4 Stealth
 + Level 1.4 Evocations


You had 4 spell levels left.
You didn't know any spells.
Your spell library contained the following spells:

 Spells                   Type           Power      Damage    Failure   Level
 Apportation              Tloc           0%         N/A       41%         1
 Necrotise                Necr           0%         1d4       41%         1
 Summon Small Mammal      Summ           0%         N/A       41%         1
 Hailstorm                Conj/Ice       0%         3d3       80%         3
 Ice Form                 Ice/Tmut       0%         N/A       99%         4
 Simulacrum               Ice/Necr       0%         N/A       100%        6


Dungeon Overview and Level Annotations

Branches:
Dungeon (5/15) Zot: 26581
 Temple: D:4-7

Shops:
D:2 ?*[   D:4 *

Annotations:
D:4 3 runed translucent doors, Blork the orc; Eustachio; seaofthunder's ghost, amateur HOFi


Innate Abilities, Weirdness & Mutations

You have an increased reservoir of magic. (+10% MP)
You shall have no god before yourself.
Your divine heritage dramatically boosts your attributes as you level up.


Message History

You hit something but do no damage. Something hits you but does no damage.
You hit something. Something hits you.
You hit something but do no damage.
You hear some strange, mumbled words.
A magic dart appears from out of thin air!
The magic dart hits you!
You take 9 damage, and have 18/44 hp.
MASSIVE DAMAGE!!
You hit something. You punch something. Something barely misses you.
You barely miss something. Something hits you.
You take 4 damage, and have 14/44 hp.
You barely miss something. Something hits you.
You hit something.
Reactivating autopickup.
You feel a bit more experienced.
You swing at nothing.
You swing at nothing.
Adjust to which letter? (? for menu, Esc to quit)
b - a +1 short sword of holy wrath (weapon)
Your +1 short sword of holy wrath stops glowing.
a - a +1 shortbow (weapon)
You start resting.
Health restored: 44
Things that are here:
a +0 dagger; a +0 robe; an orc corpse You see here an adder corpse.
A scorpion comes into view.
You see here 9 gold pieces.
You shoot an arrow. The arrow hits the scorpion.
You shoot an arrow.
The arrow hits the scorpion but does no damage.
You shoot an arrow. The arrow barely misses the scorpion.
The scorpion stings you.
You are poisoned.
The scorpion poisons you!
You take 2 damage, and have 42/44 hp.
You shoot an arrow. The arrow hits the scorpion.
You feel very sick. The scorpion closely misses you.
You take 3 damage, and have 39/44 hp.
You shoot an arrow. The arrow barely misses the scorpion.
You feel sick. The scorpion stings you. The scorpion barely misses you.
You take 4 damage, and have 35/44 hp.
You shoot an arrow. The arrow barely misses the scorpion.
You feel sick. The scorpion misses you.
You take 2 damage, and have 33/44 hp.
You shoot an arrow. The arrow hits the scorpion.
You feel sick.
The scorpion stings you but does no damage.
The scorpion misses you.
You shoot an arrow.
The arrow hits the scorpion but does no damage.
You feel sick. The scorpion stings you. The scorpion barely misses you.
You take 6 damage, and have 27/44 hp.
Fire: a) +1 shortbow
Aim: a scorpion (moderately wounded, 66% to hit)
You shoot an arrow. The arrow closely misses the scorpion.
You feel sick.
You are no longer poisoned.
The scorpion stings you.
You take 3 damage, and have 24/44 hp.
Fire: a) +1 shortbow
Aim: a scorpion (moderately wounded, 66% to hit)
You shoot an arrow. The arrow barely misses the scorpion.
The scorpion stings you. The scorpion closely misses you.
You take 2 damage, and have 22/44 hp.
Fire: a) +1 shortbow
Aim: a scorpion (moderately wounded, 66% to hit)
You shoot an arrow.
The arrow hits the scorpion but does no damage.
The scorpion stings you but does no damage.
The scorpion barely misses you.
Fire: a) +1 shortbow
Aim: a scorpion (moderately wounded, 66% to hit)
You shoot an arrow. The arrow hits the scorpion!
The scorpion stings you.
You are poisoned.
The scorpion poisons you!
You take 3 damage, and have 19/44 hp.
Fire: a) +1 shortbow
Aim: a scorpion (severely wounded, 66% to hit)
You shoot an arrow.
The arrow hits the scorpion but does no damage.
You feel very sick.
The scorpion stings you but does no damage.
The scorpion stings you.
* * * LOW HITPOINT WARNING * * *
You take 8 damage, and have 11/44 hp.
Fire: a) +1 shortbow
Aim: a scorpion (severely wounded, 66% to hit)
You shoot an arrow. The arrow hits the scorpion.
You feel sick. The scorpion stings you.
* * * LOW HITPOINT WARNING * * *
You take 4 damage, and have 7/44 hp.
Fire: a) +1 shortbow
Aim: a scorpion (almost dead, 66% to hit)
You shoot an arrow. The arrow barely misses the scorpion.
You feel sick.
The scorpion stings you but does no damage.
The scorpion stings you.
You die...

###############
......s@.!....#
##....#...##..# #
#... #...# #.# ##
#..
##..###.#########.
...
#......##...##..#
.#
##.....#.......##
###...#......##
####.#......##
####....#.####.<#


You could see a scorpion.

Vanquished Creatures
  A hound (D:4)
  An orc priest (D:4)
  A jelly (D:5)
  An orc wizard (D:5)
  8 adders
  3 worms
  A dart slug (D:4)
  4 orcs
  5 ball pythons
  An endoplasm (D:2)
  3 giant cockroaches
  7 goblins
  2 hobgoblins
  4 jackals (D:3)
  5 quokkas
  3 bats
  A frilled lizard (D:3)
  5 kobolds
  3 rats
59 creatures vanquished.

Notes
Turn   | Place    | Note
-------+----------+-------------------------------------------
     0 | D:1      | sokol815 the Demigod Hunter began the quest for the Orb.
     0 | D:1      | Reached XP level 1. HP: 17/17 MP: 3/3
   157 | D:1      | Reached skill level 1 in Stealth
   360 | D:1      | Reached skill level 2 in Fighting
   415 | D:1      | Reached skill level 2 in Dodging
   415 | D:1      | Reached XP level 2. HP: 22/24 MP: 4/4
   727 | D:2      | Reached skill level 4 in Ranged Weapons
   730 | D:2      | Reached XP level 3. HP: 29/29 MP: 5/5
   761 | D:2      | Found Feisygah's Assorted Antiques.
   914 | D:2      | Found Iwkuecom's Antique Armour Shoppe.
  1143 | D:2      | Found Boodan's Magic Scroll Emporium.
  1670 | D:3      | Reached XP level 4. HP: 37/37 MP: 6/6
  1903 | D:4      | Reached skill level 2 in Stealth
  1944 | D:4      | Found Vyivem's Gadget Gallery.
  2014 | D:4      | Reached skill level 1 in Evocations
  2020 | D:4      | Reached XP level 5. HP: 36/42 MP: 7/7
  2117 | D:4      | Noticed Eustachio
  2219 | D:4      | Found a runed translucent gate.
  2272 | D:4      | Found a runed translucent gate.
  2273 | D:4      | Found a runed translucent gate.
  2273 | D:4      | Noticed seaofthunder's ghost (amateur HOFi)
  2522 | D:4      | Noticed Blork the orc
  2694 | D:5      | Entered Level 5 of the Dungeon
  2945 | D:5      | HP: 2/42 [orc wizard/magic dart (12)]
  3101 | D:5      | HP: 11/44 [scorpion (6)]
  3103 | D:5      | HP: 5/44 [poisoned by a scorpion]
  3103 | D:5      | Slain by a scorpion

Illustrated notes

Levels and vault maps discovered:
D:1:      grunt_arrival_crossed_arrows, layout_loops_ring
D:2:      layout_rooms, serial_shops, nicolae_lakefront_shop,
          nicolae_shop_overgrown_old_shop, shop, basic_altar,
          chequers_serial_rivers_small_b, kennysheep_cross_bottleneck
D:3:      layout_loops_ring
D:4:      layout_loops_cross, ebering_ghost_rock_garden, nicolae_shop_gadgets,
          uniq_eustachio, uniq_blork_the_orc
D:5:      minmay_recursive_quarters, layout_layer_cave, serial_shops, shop,
          serial_glass, glass_columns_b, glass_columns_a, glass_columns_a,
          glass_columns_a, glass_columns_b, uniq_crazy_yiuf_cottage

Skill      XL: |  1  2  3  4 |
---------------+-------------+-----
Stealth        | 1 2 |  2.4
Fighting       | 2 |  2.8
Dodging        | 2 |  2.8
Ranged Weapons | 4 |  4.9
Evocations     | 1 |  1.4

Action                     |  1- 3 |  4- 6 || total
---------------------------+-------+-------++-------
  Melee: Short sword       |       |    18 ||    18
         Punch             |       |     1 ||     1
   Fire: Shortbow          |    98 |    92 ||   190
    Use: Scroll            |     6 |     8 ||    14
         Potion            |       |     1 ||     1
 Armour: Leather armour    |    12 |    32 ||    44
  Dodge: Dodged            |    16 |    37 ||    53

Table legend: (Time is in decaauts)
 A = Elapsed time spent in this place.
 B = Non-inter-level travel time spent in this place.
 C = Inter-level travel time spent in this place.
 D = Time resting spent in this place.
 E = Time spent auto-exploring this place.
 F = Levels seen in this place.
 G = Mean time per level.
                   A        B        C        D        E       F      G
               +--------+--------+--------+--------+--------+-----+--------+
         Total |   3161 |   3105 |     56 |    194 |   2504 |   5 |  632.2 |
       Dungeon |   3161 |   3105 |     56 |    194 |   2504 |   5 |  632.2 |
               +--------+--------+--------+--------+--------+-----+--------+

Top non-repeatable levels by time:
     D:4: 823 daAuts
     D:3: 697 daAuts
     D:1: 670 daAuts
     D:2: 552 daAuts
     D:5: 417 daAuts

Table legend:
 A = Kills in this place as a percentage of kills in entire the game.
 B = Kills by you in this place as a percentage of kills by you in the entire game.
 C = Kills by friends in this place as a percentage of kills by friends in the entire game.
 D = Other kills in this place as a percentage of other kills in the entire game.
 E = Experience gained in this place as a percentage of experience gained in the entire game.
 F = Experience gained in this place divided by the number of levels of this place that you have seen.
                   A       B       C       D       E      F
               +-------+-------+-------+-------+-------+----------------------
         Total | 100.0 | 100.0 |   N/A |   N/A | 100.0 |  72.8
       Dungeon | 100.0 | 100.0 |   N/A |   N/A | 100.0 |  72.8
               +-------+-------+-------+-------+-------+----------------------
